 Dungeon Crawl Stone Soup version 0.29.1-12-g30fa7ad0bf (webtiles) character file.

Game seed: 11248840154612889229

66 Radix the Digger (level 4, -4/24 HPs)
             Began as a Gargoyle Earth Elementalist on Dec 20, 2022.
             Slain by a goblin
             ... wielding a +0 dagger
             ... led by Robin
              (5 damage)
             ... on level 2 of the Dungeon.
             The game lasted 00:07:22 (840 turns).

Radix the Digger (Gargoyle Earth Elementalist)       Turns: 840, Time: 00:07:22

Health: -4/24      AC:  6    Str: 11    XL:     4   Next: 15%
Magic:  11/17      EV: 11    Int: 18    God:
Gold:   57         SH:  0    Dex: 10    Spells: 8/9 levels left

rFire   . . .      SeeInvis .   d - +2 spear (venom)
rCold   . . .      Faith    .   (no shield)
rNeg    + . .      Spirit   .   a - +0 robe
rPois   ∞          Reflect  .   (no helmet)
rElec   +          Harm     .   f - +0 cloak
rCorr   .          Rampage  .   (no gloves)
Will    .....                   (no boots)
Stlth   ++........              (no amulet)
HPRegen 0.08/turn               h - ring of magical power
MPRegen 0.15/turn               (no ring)

@: hasted, very quick
A: sickness immunity, AC +3, negative energy resistance 1, electricity
resistance, torment resistance 1, petrification resistance
a: no special abilities


You were on level 2 of the Dungeon.
You visited 1 branch of the dungeon, and saw 2 of its levels.

You collected 57 gold pieces.

Inventory:

Hand Weapons
 d - a +2 spear of venom (weapon)
 i - a +2 dagger of draining
Armour
 a - a +0 robe (worn)
 f - a +0 cloak (worn)
Jewellery
 h - a ring of magical power (left hand)
Scrolls
 e - a scroll of magic mapping {unknown}
 j - a scroll of teleportation
Potions
 b - a potion of magic


   Skills:
 - Level 1.5 Dodging
 - Level 2.1 Stealth
 + Level 3.1 Spellcasting
 - Level 0.7 Transmutations
 + Level 4.9 Earth Magic


You had 8 spell levels left.
You knew the following spells:

 Your Spells              Type           Power      Damage    Failure   Level
a - Sandblast             Erth           40%        2d10      2%          1

Your spell library contained the following spells:

 Spells                   Type           Power      Damage    Failure   Level
 Passwall                 Tmut/Erth      10%        N/A       8%          2
 Summon Small Mammal      Summ           8%         N/A       16%         1
 Stone Arrow              Conj/Erth      22%        3d8       17%         3
 Petrify                  Tmut/Erth      13%        N/A       45%         4
 Summon Lightning Spire   Summ/Air       2%         N/A       85%         4
 Summon Mana Viper        Hex/Summ       2%         N/A       99%         5
 Spellforged Servitor     Conj/Summ      1%         N/A       100%        7


Dungeon Overview and Level Annotations

Branches:
Dungeon (2/15)

Altars:

Annotations:
D:2 Robin


Innate Abilities, Weirdness & Mutations

You are immune to sickness and miasma.
Your stone body is resilient. (AC +3)
You are immune to poison.
You resist negative energy. (rN+)
You are resistant to electric shocks. (rElec)
You are resistant to unholy torment.
You are immune to petrification.


Message History

The goblin unwields a +0 club.
The goblin wields a +0 sling.
The goblin shoots a sling bullet.
The sling bullet barely misses you. Something hits you but does no damage.
The goblin shouts!
Things that are here:
a +0 club; a hobgoblin corpse You hear a zap.
A puff of flame appears from out of thin air!
The puff of flame hits you!
The goblin shoots a sling bullet.
The sling bullet barely misses you.
Items here: )) ††.
Aiming: Sandblast (safe; 2% risk of failure)
Press: ? - help, Q - select action Shift-Dir - straight line The blast of sand hits the goblin!
You kill the goblin!
The goblin unwields a +0 dagger.
The goblin wields a +0 sling.
The goblin shoots a sling bullet.
The sling bullet closely misses you.
You hear a zap.
A puff of flame appears from out of thin air!
The puff of flame hits you.
You hear a zap.
A puff of flame appears from out of thin air!
The puff of flame hits you.
* * * LOW HITPOINT WARNING * * *
As you read the scroll labelled XURO GOSAUH, it crumbles to dust.
It is a scroll of identify.
j - a scroll of teleportation The goblin closely misses you.
It was a potion of haste.
You feel yourself speed up. The goblin hits you but does no damage.
Something barely misses you.
Things that are here:
a +0 club; a hobgoblin corpse Something throws the goblin at you!
You see here a giant cockroach corpse.
The goblin hits you with a +0 dagger.
* * * LOW HITPOINT WARNING * * *
Something throws the goblin at you!
The goblin unwields a +0 sling.
The goblin wields a +0 dagger.
The goblin hits you with a +0 dagger.
You die...

#.#.# ##.##.### #+
#.#.# #.....
####.######.#.#
####.## .
...........#.# # ..
..........#.+ ...
.........# ....
#.######.##### .....
#.######.....#
......#{(..@.......+
...)...))†gg.#.....#
......###.####.....#
##### ..... #.....#
#.#.##.#.......
#.#.# #.####.#. #
... #.# .# #.. ..
#..


You could see 2 goblins.

Vanquished Creatures
  2 adders (D:2)
  5 endoplasms
  3 giant cockroaches
  8 goblins
  5 hobgoblins
  3 jackals (D:1)
  3 quokkas (D:1)
  4 ball pythons
  3 bats (D:1)
  2 frilled lizards
  3 kobolds (D:1)
  A rat (D:1)
42 creatures vanquished.

Notes
Turn   | Place    | Note
-------+----------+-------------------------------------------
     0 | D:1      | Radix the Gargoyle Earth Elementalist began the quest for
                  | the Orb.
     0 | D:1      | Reached XP level 1. HP: 10/10 MP: 3/3
   131 | D:1      | Reached XP level 2. HP: 15/15 MP: 1/5
   151 | D:1      | Reached skill level 4 in Earth Magic
   455 | D:1      | Got the Spellbook of Companions
   487 | D:1      | Reached XP level 3. HP: 19/19 MP: 6/6
   824 | D:2      | Reached XP level 4. HP: 24/24 MP: 8/8
   826 | D:2      | Noticed Robin
   839 | D:2      | HP: 1/24 [goblin/+0 dagger[Robin] (2)]
   840 | D:2      | Slain by a goblin

Illustrated notes

Levels and vault maps discovered:
D:1:      lightli_molten_gateway, layout_rooms, chequers_garden, minmay_unequal
D:2:      layout_basic, st_stairs_11, uniq_robin, uniq_sigmund

Skill      XL: |  1  2  3 |
---------------+----------+-----
Earth Magic    | 4 |  4.9
Spellcasting   | 3 |  3.1
Dodging        | |  1.5
Stealth        | |  2.1
Transmutations | |  0.7

Action                   |  1- 3 |  4- 6 || total
-------------------------+-------+-------++-------
Melee: Dagger            |    22 |       ||    22
 Cast: Sandblast         |    40 |     7 ||    47
  Use: Scroll            |       |     1 ||     1
       Potion            |       |     1 ||     1
Armor: Robe              |    20 |     5 ||    25
Dodge: Dodged            |    12 |     5 ||    17
